 Dungeon Sprint DCSS version 0.24.0-13-gcf9b319 (webtiles) character file.

Game seed: 17071783245020524117, levelgen mode: deterministic

2332 2bobheroes the Unseen (level 9, -9/61 HPs)
             Began as a Spriggan Assassin on Jan 17, 2020.
             Was a Follower of Trog.
             Mangled by a centaur warrior (15 damage)
             ... in the Dungeon (Sprint I: "Red Sonja").
             The game lasted 00:06:30 (675 turns).

2bobheroes the Unseen (Spriggan Assassin)            Turns: 675, Time: 00:06:30

Health: -9/61      AC:  3    Str: 12    XL:     9   Next: 19%
Magic:  10/10      EV: 17    Int: 12    God:    Trog [*.....]
Gold:   742        SH:  0    Dex: 21    Spells: 8/8 levels left

rFire    . . .     SeeInvis +   r - +0 short sword (venom)
rCold    . . .     Gourm    .   (shield restricted)
rNeg     . . .     Faith    .   b - +0 robe
rPois    .         Spirit   .   (helmet restricted)
rElec    .         Reflect  .   c - +0 cloak
rCorr    .         Harm     .   (gloves unavailable)
MR       +....     NoTele   +   (boots unavailable)
Stlth    ..........             (no amulet)
HPRegen  0.20/turn              (no ring)
MPRegen  0.12/turn              (no ring)

@: berserking, very quick
A: very small, unfitting armour, see invisible, herbivore, speed 3, slow
metabolism 2
a: Berserk, Renounce Religion


You were in the Dungeon.
You worshipped Trog.
Trog was aware of your devotion.
You were not hungry.

You visited 1 branch You collected 742 gold pieces.

Inventory:

Hand Weapons
 a - a +2 dagger
 n - a +1 dagger of flaming
 r - a +0 short sword of venom (weapon)
 u - a +0 hunting sling of freezing
Missiles
 d - 8 poisoned darts (quivered)
 e - 4 curare-tipped darts
 q - 11 stones
Armour
 b - a +0 robe (worn)
 c - a +0 cloak (worn)
Wands
 m - a wand of flame (26)
Scrolls
 l - a scroll of blinking
 o - a scroll of enchant armour {unknown}
 p - 2 scrolls of remove curse {unknown}
 s - a scroll of fog {unknown}
 t - a scroll of fear {unknown}
Potions
 g - 3 potions of curing
 h - 2 potions of heal wounds
 i - a potion of haste
 j - 2 potions of magic
 k - a potion of berserk rage
Comestibles
 f - a ration


   Skills:
 + Level 1.5 Fighting
 - Level 13.1 Short Blades
 + Level 12.2 Throwing
 + Level 1.5 Dodging
 + Level 18.1 Stealth


You had 8 spell levels left.
You didn't know any spells.
Your spell library was empty.

Dungeon Overview and Level Annotations

Branches:
Dungeon (1/1)

Altars:
Cheibriados
Dithmenos
Elyvilon
Fedhas
Gozag
Hepliaklqana
Kikubaaqudgha
Makhleb
Nemelex Xobeh
Okawaru
Qazlal
Ru
Sif Muna
Trog
Uskayaw
Vehumet
Wu Jian
Xom
Yredelemnul
Zin
The Shining One
Jiyva
Lugonu

Shops:
D *}[


Innate Abilities, Weirdness & Mutations

You are very small and have problems with some larger weapons.
You are too small for most types of armour.
You have supernaturally acute eyesight. (SInv)
You are a herbivore.
You cover ground extremely quickly.
You need to consume almost no food.


Message History

You puncture the centaur warrior!
The centaur warrior looks as sick as possible!
The centaur warrior is almost dead.
You kill the centaur warrior!
Trog accepts your kill.
Your Short Blades skill increases to level 13!
Your Throwing skill increases to level 12!
Your Stealth skill increases to level 18!
You have reached level 9!
Your experience leads to an increase in your attributes!
Your base attributes are Str 7, Int 12, Dex 20.
Increase (S)trength, (I)ntelligence, or (D)exterity?
You feel agile. The centaur warrior hits you.
* * * LOW HITPOINT WARNING * * *
You closely miss the centaur warrior. You puncture the centaur warrior!
The centaur warrior is lightly wounded.
The centaur warrior hits you!
You die...

################
#..'..#.)'..#__#
'..#.)'..#..'..+
#####'#####'#__####
####..#...#.####:§#
#__####..##.#§§§§c#
#_____##'#_.+§§§@§+
#_.∩..†'..._#≈≈§§§#
#_..__##_.#'##'####
#_____###'#.#[...###
#########.####'###.##
.......'...'.....'.∩#
++++####.†.##########
###.### #.#'#.#


You could see a centaur warrior.

Vanquished Creatures
  A centaur warrior (D)
  Sonja (D)
  A deep troll (D)
  A slime creature (D)
  Sigmund (D)
  A yak (D)
  An ogre (D)
  A jelly (D)
  Ijyb (D)
9 creatures vanquished.

Vanquished Creatures (others)
  2 ballistomycete spores (D)
2 creatures vanquished.

Grand Total: 11 creatures vanquished

Notes
Turn   | Place    | Note
-------+----------+-------------------------------------------
     0 | D        | 2bobheroes the Spriggan Assassin began the quest for the
                  | Orb.
     0 | D        | Reached XP level 1. HP: 10/10 MP: 2/2
     6 | D        | Noticed Ijyb
    19 | D        | Killed Ijyb
    19 | D        | Reached skill level 7 in Stealth
    19 | D        | Reached XP level 2. HP: 8/14 MP: 3/3
    35 | D        | Noticed an ogre
    37 | D        | Killed an ogre
    37 | D        | Reached skill level 5 in Throwing
    37 | D        | Reached skill level 10 in Stealth
    37 | D        | Reached XP level 3. HP: 12/18 MP: 4/4
    37 | D        | Reached XP level 4. HP: 14/22 MP: 5/5
   149 | D        | Noticed Sigmund
   152 | D        | Killed Sigmund
   152 | D        | Reached skill level 12 in Stealth
   152 | D        | Reached XP level 5. HP: 25/25 MP: 6/6
   165 | D        | Found a burning altar of Makhleb.
   165 | D        | Found a viscous altar of Jiyva.
   165 | D        | Found a shimmering altar of Xom.
   165 | D        | Found a corrupted altar of Lugonu.
   165 | D        | Noticed a slime creature
   168 | D        | Killed a slime creature
   168 | D        | Reached skill level 13 in Stealth
   168 | D        | Reached XP level 6. HP: 30/30 MP: 7/7
   171 | D        | Found an ornate altar of the Wu Jian Council.
   171 | D        | Found a shimmering blue altar of Sif Muna.
   173 | D        | Found a radiant altar of Vehumet.
   194 | D        | Found Ischygis's Gadget Emporium.
   194 | D        | Found an ancient bone altar of Kikubaaqudgha.
   194 | D        | Found a hazy altar of Hepliaklqana.
   194 | D        | Found a stormy altar of Qazlal.
   194 | D        | Found a hide-covered altar of Uskayaw.
   194 | D        | Found a blossoming altar of Fedhas.
   194 | D        | Found a bloodstained altar of Trog.
   194 | D        | Found an iron altar of Okawaru.
   194 | D        | Found a basalt altar of Yredelemnul.
   194 | D        | Found a glowing golden altar of the Shining One.
   194 | D        | Found a snail-covered altar of Cheibriados.
   194 | D        | Found a sacrificial altar of Ru.
   194 | D        | Found a glowing silver altar of Zin.
   194 | D        | Found a shadowy altar of Dithmenos.
   194 | D        | Found a white marble altar of Elyvilon.
   194 | D        | Noticed a yak
   195 | D        | Found an opulent altar of Gozag.
   196 | D        | Killed a yak
   196 | D        | Reached skill level 10 in Short Blades
   196 | D        | Reached skill level 14 in Stealth
   196 | D        | Reached XP level 7. HP: 33/33 MP: 8/8
   197 | D        | Found a sparkling altar of Nemelex Xobeh.
   230 | D        | Became a worshipper of Trog the Wrathful
   237 | D        | Noticed Sonja
   241 | D        | Killed Sonja
   241 | D        | Reached skill level 10 in Throwing
   241 | D        | Reached skill level 16 in Stealth
   241 | D        | Reached XP level 8. HP: 37/37 MP: 9/9
   259 | D        | Found Zixabis's Assorted Antiques.
   387 | D        | Noticed a deep troll
   418 | D        | Killed a deep troll
   418 | D        | Reached * piety under Trog
   418 | D        | Reached skill level 17 in Stealth
   447 | D        | Found Ugunutuk's Armour Emporium.
   664 | D        | Noticed a centaur warrior
   664 | D        | Noticed a centaur warrior
   673 | D        | Killed a centaur warrior
   673 | D        | Reached skill level 18 in Stealth
   673 | D        | Reached XP level 9. HP: 12/41 MP: 10/10
   675 | D        | Mangled by a centaur warrior

Levels and vault maps discovered:
D:        dungeon_sprint_1 [red_sonja_temple_1, red_sonja_temple_small_1]

Skill      XL: |  1  2  3  4  5  6  7  8 |
---------------+-------------------------+-----
Short Blades   | 4 6 8 9 10 11 13 | 13.1
Throwing       | 3 5 7 8 9 10 12 | 12.2
Stealth        | 7 10 12 13 14 16 18 | 18.1
Fighting       | |  1.5
Dodging        | |  1.5

Action                   |  1- 3 |  4- 6 |  7- 9 || total
-------------------------+-------+-------+-------++-------
Melee: Dagger            |     1 |     4 |     1 ||     6
       Short sword       |       |       |    10 ||    10
Throw: Dart              |     3 |       |     9 ||    12
Invok: Berserk           |       |       |     1 ||     1
 Stab: Sleeping          |     1 |     4 |     1 ||     6
Armor: Robe              |       |       |     2 ||     2
Dodge: Dodged            |       |       |     6 ||     6
